cohdb
Replays
Latest Replays
All Replays
Popular Replays
Top Player Replays
Match Explorer
How It Works
Community
CoH3 Stats
Reddit
Sign in to upload your games and track your stats! →
Sign in with Steam
Match 44869349
Unlisted
Match 44869349
Overview
Messages
Build Orders
End
Royal Engineer Section
Construct Section Command Post
Infantry Section
Infantry Section
Vickers Machine Gun Team
Selects Heavy Armor Battlegroup
Infantry Section
Construct Platoon Command Post
Humber Armored Car
Construct Field Infirmary
Selects Rigorous Vehicle Training
Selects Forward Repair Assembly
Unlock M3 Stuart Light Tanks
Royal Engineer Section
M3 Stuart Light Tank
Infantry Training
6-pounder Anti-tank Gun Team
Grenade Package
Selects Light Vehicle Withdraw and Refit
Selects Radio Net
Chip Hazard
Brother
0
0
Comments
sign in to comment!
No comments posted yet!